 Dungeon Crawl Stone Soup version 0.15-a0-155-g2613b33 (webtiles) character file.

335 PolkaDot the Cutter (level 5, -2/43 HPs)
             Began as a Vampire Death Knight on Apr 16, 2014.
             Was a Believer of Yredelemnul.
             Slain by an orc
             ... wielding a +0,+0 whip
              (5 damage)
             ... on Level 4 of the Dungeon.
             The game lasted 00:11:47 (2583 turns).

PolkaDot the Cutter (Vampire Death Knight)          Turns: 2583, Time: 00:11:50

HP  -2/43        AC  3     Str 12      XL: 5   Next: 90%
MP   6/6         EV 16     Int 13      God: Yredelemnul [**....]
Gold 82          SH  0     Dex 19      Spells:  0 memorised,  4 levels left

rFire  . . .     SeeInvis +     a - +1 short sword
rCold  . . .     Clarity  .     j - +0 leather armour
rNeg   . . .     Conserve .     (no shield)
rPois  .         rCorr    .     (no helmet)
rElec  .         rRot     .     (no cloak)
SustAb . .       Spirit   .     (no gloves)
rMut   .         Warding  .     (no boots)
Saprov . . .     Stasis   .     (no amulet)
MR     .....                    (no ring)
                                (no ring)

@: regenerating quickly, agile, not resistant to hostile enchantments, stealthy
A: fangs 3, see invisible, unbreathing
a: Animate Remains, Recall Undead Slaves, Injury Mirror, Renounce Religion


You were on level 4 of the Dungeon.
You worshipped Yredelemnul.
Yredelemnul was pleased with you.
You were very full.

You visited 1 branch of the dungeon, and saw 4 of its levels.

You collected 82 gold pieces.

Inventory:

Hand weapons
 a - a +1,+1 short sword (weapon)
Armour
 j - a +0 leather armour (worn)
Scrolls
 e - a scroll of noise {unknown}
 f - a scroll of immolation {unknown}
 g - a scroll of recharging {unknown}
 i - a scroll of identify
 l - a scroll of remove curse {unknown}
 m - a scroll of enchant weapon I {unknown}
 n - a scroll of enchant weapon II {unknown}
Potions
 b - a potion of brilliance
Rods
 o - a +0 rod of the swarm (13/13)
   (You found it on level 3 of the Dungeon)


   Skills:
 + Level 4.4 Fighting
 * Level 4.7 Short Blades
 - Level 0.7 Armour
 - Level 1.1 Dodging
 - Level 2.4 Invocations


You had 4 spell levels left.
You didn't know any spells.

Dungeon Overview and Level Annotations

Branches:
Dungeon (4/15)
 Temple: D:4-7

Altars:
Nemelex Xobeh
Okawaru
Trog
Yredelemnul


Innate Abilities, Weirdness & Mutations

Your natural rate of healing is unusually fast.
You have razor-sharp teeth.*
You have supernaturally acute eyesight.
You can survive without breathing.*


Message History

The orc wizard points at you and mumbles some strange words.
The puff of flame hits you!
Your scroll labeled AXEOKH RIEX catches fire!
* * * LOW HITPOINT WARNING * * *
The orc wizard casts a spell at you. The puff of flame hits you!
* * * LOW HITPOINT WARNING * * *
The orc throws a tomahawk.
The tomahawk hits the orc wizard.
The orc hits you but does no damage.
The orc wizard glows brightly for a moment.
Read which item? (? for menu, Esc to quit)
As you read the scroll labeled KEGGIO ROLUDWU, it crumbles to dust.
You feel aware of your surroundings.
You sensed 1 shop/portal.
It was a scroll of magic mapping.
The orc wizard casts a spell at you. The magic dart hits you!
* * * LOW HITPOINT WARNING * * *
The orc wizard completely misses you. The orc hits you with a whip.
You die...
Yredelemnul claims you as an undead slave.

##........%...,,,,,,
##............,,,,,,,
##.......!.#...,,,,,,,
##....(....###..,,,,,,,
##.........#####,,,,,,,,
#%........######*,,,,,,,
##.........#####,, ,,,,,
##...(.....###. ,,,,,,,
##...@o....#.[,,,,,,,,
##.ooo.......,,,,,,,,
##..J......,,,,,,,,,
**##........,,,,,,,,,
*,,.........,,,,,,,,,
*,,.P......,,,,*,,,,,
*,,_..#...,,,,***,,,,
*,P.P.##.,,,,*****,,,
*,,...***,,,*******,,


You could see an ooze, 2 orc wizards and 2 orcs.

Vanquished Creatures
  An iguana (D:4)
  2 hounds (D:4)
  2 orc wizards (D:3)
  A worker ant (D:3)
  An inept item mimic (D:2)
  3 adders
  An ooze (D:2)
  6 orcs
  9 bats
  A giant cockroach (D:2)
  9 goblins
  7 hobgoblins
  2 giant geckos (D:2)
  5 giant newts
  5 kobolds
  3 quokkas
  7 rats
65 creatures vanquished.

Notes
Turn   | Place    | Note
--------------------------------------------------------------
     0 | D:1      | PolkaDot, the Vampire Death Knight, began the quest for the Orb.
     0 | D:1      | Reached XP level 1. HP: 16/16 MP: 1/1
   330 | D:1      | Reached XP level 2. HP: 22/22 MP: 2/2
   504 | D:2      | Reached skill level 3 in Short Blades
   677 | D:2      | Reached XP level 3. HP: 15/28 MP: 4/4
   875 | D:2      | Found a bloodstained altar of Trog.
   875 | D:2      | Found an iron altar of Okawaru.
  1184 | D:2      | Acquired Yredelemnul's second power
  1519 | D:3      | Reached XP level 4. HP: 35/35 MP: 5/5
  1631 | D:3      | Identified a +0 rod of the swarm (13/13) (You found it on level 3 of the Dungeon)
  2200 | D:3      | Reached skill level 4 in Short Blades
  2200 | D:3      | Reached XP level 5. HP: 15/42 MP: 6/6
  2349 | D:4      | Found a sparkling altar of Nemelex Xobeh.
  2351 | D:4      | Noticed a phantom
  2380 | D:4      | HP: 2/42 [poisoned by an adder]
  2387 | D:4      | HP: 1/42 [poisoned by an adder]
  2394 | D:4      | HP: 1/42 [poisoned by an adder]
  2402 | D:4      | HP: 1/42 [poisoned by an adder]
  2572 | D:4      | Found a basalt altar of Yredelemnul.
  2583 | D:4      | Slain by an orc

Action                   |  1- 3 |  4- 6 || total
-------------------------+-------+-------++-------
Melee: Short sword       |   119 |   132 ||   251
       Dagger            |       |    16 ||    16
  Use: Potion            |     6 |     2 ||     8
       Scroll            |     1 |     5 ||     6
 Stab: Invisible         |     1 |       ||     1
